AoeStats
← Sex Machine 24cm

MegaRandom

510416441Analyzed
2v2 RM · 13h ago on Sep 30, 2026· 49m 8s· 4 players
Game mode
Random Map
Map size
Medium (4 player)
Population
200
Speed
Normal
Resources
Standard
Victory
Conquest
Starting age
Dark Age
Ending age
Imperial Age
RankedLock teamsTeams togetherTeam positionsShared explorationLock speedFull tech treeHidden civsTurbo modeCheats
Victory
Defeat
🇦🇷 Britons · Argentina
1445
+11
🇦🇷 Varangians · Argentina
1420
+12
🇨🇭 Saxons · Switzerland
1347
-11
🇦🇷 Varangians · Argentina
1340
-12
ink55
4:25 Loom
12:15 Feudal Age
13:14 Double-Bit Axe
14:22 Fletching
16:18 Horse Collar
17:13 Padded Archer Armor
17:09 Gold Mining
17:07 Fishing Lines
35:13 Castle Age
33:07 Stone Mining
35:00 Forging
34:51 Scale Mail Armor
35:18 Crossbowman
35:56 Bodkin Arrow
36:03 Squires
37:22 Thumb Ring
39:52 Bow Saw
41:41 Ballistics
42:02 Wheelbarrow
43:44 Chain Mail Armor
46:44 Iron Casting
48:02 Hand Cart
48:49 Gold Shaft Mining
Sex Machine 24cm
6:06 Loom
9:37 Feudal Age
10:38 Double-Bit Axe
10:45 Horse Collar
14:08 Bloodlines
23:31 Castle Age
23:13 Scale Barding Armor
23:23 Forging
23:12 Gold Mining
24:32 Husbandry
25:38 Chain Barding Armor
25:41 Bow Saw
30:41 Wheelbarrow
31:58 Heavy Plow
35:16 Stone Mining
36:13 Iron Casting
36:34 Fletching
44:17 Hand Cart
Fetuquin
7:15 Loom
9:54 Feudal Age
11:02 Double-Bit Axe
13:03 Fletching
24:50 Castle Age
23:25 Padded Archer Armor
24:59 Crossbowman
25:42 Bodkin Arrow
27:03 Bow Saw
31:57 Ballistics
32:36 Gold Mining
39:38 Leather Archer Armor
41:46 Stone Mining
46:42 Imperial Age
47:43 Wheelbarrow
46:55 Arbalester
48:09 Bracer
Frank
7:09 Loom
9:36 Feudal Age
12:15 Double-Bit Axe
12:46 Horse Collar
17:18 Forging
18:31 Scale Barding Armor
21:55 Bloodlines
25:14 Scale Mail Armor
27:24 Castle Age
26:24 Town Watch
28:25 Chain Barding Armor
28:57 Iron Casting
28:00 Pikeman
28:46 Husbandry
29:04 Gold Mining
30:51 Fletching
31:02 Padded Archer Armor
40:01 Bodkin Arrow
47:20 Devotion
Connection lost

Rejoining the realm…

Still unreachable

The connection could not be restored.

Session expired

The server has moved on; the page needs a fresh start.